[Event "Titled Tuesday Blitz May 16 Late 2023"]
[White "Ljukin, Sergei"]
[Black "Chen, Ryo"]
[WhiteFideId "14102200"]
[BlackFideId "7003072"]
[WhiteElo "2312"]
[BlackElo "2169"]
[Result "1/2-1/2"]
[Round "03"]
[TimeControl "180+2"]
[Date "2023.05.16"]
[WhiteClock "0:00:09"]
[BlackClock "0:00:06"]

1. e4 c5 2. Nf3 d6 3. d4 cxd4 4. Nxd4 Nf6 5. Nc3 Nc6 6. Bc4 Bd7 7. Bg5 Qa5 8. Bxf6 gxf6 9. Nb3 Qg5 10. g3 f5 11. f4 Qg6 12. Bd3 Bg7 13. Qe2 O-O 14. O-O-O a5 15. Nd5 a4 16. Nd2 a3 17. b3 e6 18. Nb6 Rad8 19. exf5 Qf6 20. Ne4 Qb2+ 21. Kd2 exf5 22. Rb1 Qxa2 23. Ng5 h6 24. Qh5 hxg5 25. Nxd7 Rxd7 26. Bxf5 Rfd8 27. Bxd7 Rxd7 28. Qxg5 Nb4 29. Qf5 Rc7 30. Rhc1 Bb2 31. Qg5+ Kh7 32. Qh5+ Kg7 33. Qg5+ Kh7 34. Qh5+ Kg8 35. Qg5+ Kh7 1/2-1/2


[Site "https://www.chess.com"]

[Event "Titled Tuesday Blitz May 16 Late 2023"]
[White "Papasimakopoulos, Alexandros"]
[Black "Jimenez Almeida, Luis David"]
[WhiteFideId "4244125"]
[BlackFideId "22242244"]
[WhiteElo "2359"]
[BlackElo "2245"]
[Result "1/2-1/2"]
[Round "03"]
[TimeControl "180+2"]
[Date "2023.05.16"]
[WhiteClock "0:00:17"]
[BlackClock "0:00:03"]

1. d4 g6 2. c4 Bg7 3. e4 c5 4. d5 b5 5. cxb5 a6 6. Nc3 d6 7. Nf3 Nf6 8. a4 axb5 9. Bxb5+ Nfd7 10. O-O O-O 11. Re1 Na6 12. Bf4 Nb4 13. e5 dxe5 14. Nxe5 Nxe5 15. Bxe5 Bb7 16. Bxg7 Kxg7 17. Bc4 Qd6 18. Qe2 Nxd5 19. Bxd5 Bxd5 20. Qxe7 Qxe7 21. Rxe7 Be6 22. Rc7 Rfb8 23. Rxc5 Rxb2 24. h3 Rd8 25. a5 Rdd2 26. Nd1 Ra2 27. Rxa2 Rxd1+ 28. Kh2 Bxa2 29. a6 Rd8 30. Ra5 Bd5 31. a7 Ba8 32. f3 Rd7 33. Kg3 Kf6 34. h4 h5 35. Ra6+ Ke7 36. Kf4 Kd8 37. Kg5 Kc8 38. Kf6 Kb7 39. Ra3 Kb6 40. g4 Rxa7 41. Rxa7 Kxa7 42. gxh5 gxh5 43. f4 Bd5 44. Kg5 Bf3 45. Kf6 Bd5 46. Kg5 Bf3 47. Kf6 Bd5 1/2-1/2


[Site "https://www.chess.com"]

[Event "Titled Tuesday Blitz May 16 Late 2023"]
[White "Petrovic, Aleksa"]
[Black "Harshavardhan G B"]
[WhiteFideId "967629"]
[BlackFideId "25059009"]
[WhiteElo "2309"]
[BlackElo "2323"]
[Result "1/2-1/2"]
[Round "03"]
[TimeControl "180+2"]
[Date "2023.05.16"]
[WhiteClock "0:00:14"]
[BlackClock "0:01:50"]

1. d4 Nf6 2. c4 e6 3. Nf3 b6 4. g3 Ba6 5. Qa4 Bb7 6. Bg2 Be7 7. O-O O-O 8. Nc3 Ne4 9. Nxe4 Bxe4 10. Nh4 Bxg2 11. Nxg2 d5 12. cxd5 Qxd5 13. Bf4 c5 14. dxc5 Bxc5 15. Rfd1 Qc6 16. Qxc6 Nxc6 17. Bd6 Bxd6 18. Rxd6 Ne5 19. Ne3 Rfd8 20. Rad1 Rxd6 21. Rxd6 g5 22. f4 gxf4 23. gxf4 Ng6 24. f5 Nf4 25. fxe6 Nxe6 26. Nf5 Rd8 27. Rxd8+ Nxd8 28. Kf2 f6 29. Ke3 Kf7 30. Ke4 Ke6 31. Nd4+ Kf7 32. Kd5 Nb7 33. Nb5 Nc5 34. Nxa7 Na4 35. Nc8 Kg6 36. e4 b5 37. Kc6 Nxb2 38. Kxb5 Kg5 39. Nd6 Kf4 40. Kb4 Ke5 41. Nc4+ Nxc4 42. Kxc4 Kxe4 43. a4 Ke5 44. a5 Kd6 45. a6 Kc6 46. h4 h5 47. a7 Kb7 48. Kd5 Kxa7 49. Ke6 Kb7 50. Kxf6 Kc7 51. Kg6 Kd7 52. Kxh5 Ke7 53. Kg6 Kf8 54. h5 Kg8 55. h6 Kh8 56. h7 1/2-1/2


[Site "https://www.chess.com"]

[Event "Titled Tuesday Blitz May 16 Late 2023"]
[White "krucki03"]
[Black "Djokic, Mihailo"]
[BlackFideId "976440"]
[WhiteElo "2471"]
[BlackElo "2294"]
[Result "0-1"]
[Round "03"]
[TimeControl "180+2"]
[Date "2023.05.16"]
[WhiteClock "0:01:09"]
[BlackClock "0:01:53"]

1. e4 c5 2. Nf3 d6 3. d4 cxd4 4. Nxd4 Nf6 5. Nc3 g6 6. Be3 Bg7 7. f3 O-O 8. Qd2 Nc6 9. O-O-O Bd7 10. h4 Rc8 11. Nb3 Ne5 12. Be2 h5 13. Bh6 Bxh6 14. Qxh6 Rxc3 15. bxc3 Qc7 16. Kb2 Rc8 17. Qd2 a5 18. Qd4 Be6 19. Nd2 Nfd7 20. Bb5 Nc5 21. c4 Qb6 22. a4 Nxa4+ 0-1


[Site "https://www.chess.com"]

[Event "Titled Tuesday Blitz May 16 Late 2023"]
[White "ElDivis"]
[Black "Tatarinov, Dmitry"]
[BlackFideId "24160067"]
[WhiteElo "2468"]
[BlackElo "2326"]
[Result "1-0"]
[Round "03"]
[TimeControl "180+2"]
[Date "2023.05.16"]
[WhiteClock "0:01:14"]
[BlackClock "0:02:16"]

1. e4 e5 2. Nf3 Nc6 3. Bc4 Nf6 4. d3 Bc5 5. O-O O-O 6. a4 a5 7. c3 d6 8. Na3 h6 9. h3 Be6 10. Bxe6 fxe6 11. Nc4 Qb8 12. Be3 Qa7 13. Bxc5 Qxc5 14. Qb3 Rab8 15. Qb5 Qa7 16. Rad1 Nh5 17. d4 exd4 18. Qxh5 dxc3 19. bxc3 e5 20. Ne3 Qc5 21. Nf5 Rf6 22. Qg4 Rbf8 23. Qxg7# 1-0


[Site "https://www.chess.com"]

[Event "Titled Tuesday Blitz May 16 Late 2023"]
[White "Csonka, Balazs"]
[Black "Lucas, Arthur"]
[WhiteFideId "742910"]
[BlackFideId "26093073"]
[WhiteElo "2404"]
[BlackElo "2251"]
[Result "1-0"]
[Round "03"]
[TimeControl "180+2"]
[Date "2023.05.16"]
[WhiteClock "0:00:03"]
[BlackClock "0:00:45"]

1. c4 Nf6 2. g3 g6 3. Bg2 Bg7 4. Nc3 O-O 5. Nf3 d6 6. O-O Nc6 7. d4 e5 8. dxe5 Nxe5 9. b3 Nxf3+ 10. Bxf3 Bh3 11. Re1 c6 12. Bb2 Qa5 13. e4 Rad8 14. Qc2 Bg4 15. Bg2 Qh5 16. Ne2 Bxe2 17. Qxe2 Qxe2 18. Rxe2 Nd7 19. Bxg7 Kxg7 20. Rd1 Nf6 21. Red2 Rfe8 22. f3 Re6 23. Bh3 Re5 24. Rxd6 Rxd6 25. Rxd6 Ra5 26. Rd2 Kf8 27. Kf2 Ke7 28. Ke3 h5 29. Bc8 b5 30. e5 Ne8 31. cxb5 cxb5 32. f4 b4 33. Bh3 Ng7 34. Kd3 Rc5 35. Rc2 Rxc2 36. Kxc2 h4 37. Bg4 hxg3 38. hxg3 f6 39. exf6+ Kxf6 40. Kd3 Ne8 41. Kc4 a5 42. Kb5 Nc7+ 43. Kxa5 Nd5 44. Bf3 Nc3 45. Kxb4 Nxa2+ 46. Kc4 Ke7 47. b4 Kd6 48. b5 Kc7 49. Be2 Nc1 50. Bf1 Na2 51. Kb3 Nc1+ 52. Kc4 Ne2 53. Bxe2 Kb6 54. Kd5 g5 55. Ke5 Kb7 56. fxg5 Kc7 57. g6 Kd8 58. Kf6 Ke8 59. g7 Kd7 60. g8=Q Kd6 61. g4 Kc5 62. g5 Kb6 63. Qe6+ Ka5 64. Qc6 Ka4 65. b6+ Ka5 66. b7 Kb4 67. g6 Ka5 68. g7 Kb4 69. Bf3 Ka5 70. Be4 Kb4 71. Bd5 Ka5 72. Be6 Kb4 73. Bd7 Ka5 74. Ke7 Kb4 75. Kd6 Ka5 76. Ke5 Kb4 77. Kf4 Ka3 78. Kg3 Kb4 79. Kh2 Ka3 80. Kg1 Kb4 81. Kf2 Ka3 82. Ke1 Kb4 83. Kd2 Ka3 84. Kc3 Ka2 85. Qb6 Ka3 86. Bb5 Ka2 87. Qc5 Ka1 88. Qf2 Kb1 89. g8=Q Ka1 90. b8=Q Kb1 91. Qba7 Kc1 92. Ba4 Kb1 93. Bc2+ Kc1 94. Bd3 Kd1 95. Bc4 Kc1 96. Qgg7 Kd1 97. Qgg2 Kc1 98. Qh7 Kd1 99. Qhh2 Kc1 100. Qe2 Kb1 101. Qd2 Ka1 102. Qge2 Kb1 103. Qhf2 Ka1 104. Qfe1# 1-0


[Site "https://www.chess.com"]

[Event "Titled Tuesday Blitz May 16 Late 2023"]
[White "Badmatsyrenov, Oleg"]
[Black "Koutlas, Nikolaos"]
[WhiteFideId "24115762"]
[BlackFideId "25827138"]
[WhiteElo "2396"]
[BlackElo "2215"]
[Result "1-0"]
[Round "03"]
[TimeControl "180+2"]
[Date "2023.05.16"]
[WhiteClock "0:00:07"]
[BlackClock "0:00:07"]

1. e4 c5 2. Nf3 d6 3. d4 Nd7 4. Nc3 g6 5. dxc5 Nxc5 6. Qd4 Nf6 7. e5 Ne6 8. Bb5+ Bd7 9. Qa4 Nc5 10. Qc4 Bxb5 11. Nxb5 Nfe4 12. b4 d5 13. Qe2 Na4 14. e6 Bg7 15. Rb1 fxe6 16. O-O O-O 17. Rb3 Qd7 18. Nbd4 e5 19. Nb5 a6 20. Na3 Nac3 21. Qd3 d4 22. Re1 Qf5 23. Nc4 Rac8 24. Ncd2 Nxd2 25. Qxf5 gxf5 26. Bxd2 e4 27. Ng5 Nd5 28. Ne6 Rxc2 29. Bg5 Re8 30. Nxg7 Kxg7 31. g4 e6 32. Rg3 d3 33. Kf1 f4 34. Rh3 f3 35. Rxe4 d2 36. Bxd2 Rxd2 37. Rxf3 Rd1+ 38. Kg2 Nf6 39. Ref4 Rf8 40. g5 Nd7 41. Rxf8 Nxf8 42. Rc3 Rd7 43. h4 Ng6 44. Kg3 Ne5 45. f3 Rd3 46. Rc7+ Rd7 47. Rc8 Nc6 48. a3 Nd4 49. Kg4 Nf5 50. f4 Ne3+ 51. Kf3 Nd5 52. Rc4 Kg6 53. Kg3 Kf5 54. Rc8 Ne7 55. Rf8+ Ke4 56. Rf6 Nf5+ 57. Kg4 Nd4 58. h5 Rc7 59. g6 hxg6 60. hxg6 Rc1 61. Kg5 Rg1+ 62. Kh6 Nf5+ 63. Kh7 Kd5 64. Rf7 Rh1+ 65. Kg8 Nh6+ 66. Kg7 Nf5+ 67. Kf6 Nd6 68. Rd7 Rg1 69. g7 Kc6 70. Rxd6+ Kxd6 71. Kf7 Kd5 72. g8=Q Rxg8 73. Kxg8 Ke4 74. Kf7 Kxf4 75. Kxe6 Ke4 76. Kd6 Kd4 77. Kc7 b5 78. Kb6 Kc4 79. Kxa6 Kb3 80. Kxb5 1-0


[Site "https://www.chess.com"]

[Event "Titled Tuesday Blitz May 16 Late 2023"]
[White "Vega Gutierrez, Sabrina"]
[Black "Sun, Rick"]
[WhiteFideId "2219026"]
[BlackFideId "30909481"]
[WhiteElo "2209"]
[BlackElo "2169"]
[Result "0-1"]
[Round "03"]
[TimeControl "180+2"]
[Date "2023.05.16"]
[WhiteClock "0:00:00"]
[BlackClock "0:00:09"]

1. e4 d6 2. d4 Nf6 3. Nc3 Nbd7 4. Nf3 e5 5. Bc4 Be7 6. a4 c6 7. O-O Qc7 8. Re1 h6 9. a5 Nf8 10. d5 g5 11. dxc6 bxc6 12. Bb3 Ng6 13. Nd2 g4 14. Nc4 h5 15. Ne3 Nf4 16. Nf5 Bxf5 17. exf5 Kf8 18. Bxf4 exf4 19. Qd4 d5 20. Ra4 g3 21. Qxf4 gxh2+ 22. Kh1 Bd6 23. Qh4 Be5 24. f4 Bxc3 25. bxc3 Qd6 26. c4 Rg8 27. c5 Qd8 28. Rd4 Rg4 29. Qxh2 Qxa5 30. Rdd1 Qxc5 31. c4 Ne4 32. Bc2 Nf2+ 0-1


[Site "https://www.chess.com"]

[Event "Titled Tuesday Blitz May 16 Late 2023"]
[White "Geivondian, Arman"]
[Black "Simonian, Hrair"]
[WhiteFideId "24102032"]
[BlackFideId "13302337"]
[WhiteElo "2278"]
[BlackElo "2447"]
[Result "1-0"]
[Round "03"]
[TimeControl "180+2"]
[Date "2023.05.16"]
[WhiteClock "0:01:49"]
[BlackClock "0:00:09"]

1. e4 c5 2. Nf3 d6 3. Bb5+ Nd7 4. O-O a6 5. Bxd7+ Bxd7 6. d4 cxd4 7. Qxd4 Nf6 8. c4 g6 9. Nc3 Bg7 10. Qd3 O-O 11. b3 b5 12. Nd2 bxc4 13. Nxc4 Nxe4 14. Qxe4 Bxc3 15. Bb2 Bxb2 16. Nxb2 Bf5 17. Qd4 e5 18. Qd2 Qe7 19. Rfe1 Rad8 20. Nc4 Rfe8 21. Rad1 Qf6 22. Nxd6 Bg4 23. Nxe8 Rxe8 24. Rc1 h5 25. h3 Bf5 26. Rc5 Re6 27. Qc3 e4 28. Qxf6 Rxf6 29. Rec1 Rd6 30. Re1 Kg7 31. Re2 Kf6 32. Kh2 g5 33. g4 hxg4 34. hxg4 Bxg4 35. Rxe4 Be6 36. Kg3 g4 37. Ra5 Rd3+ 38. Kh2 Kg6 39. Rxa6 Kf5 40. Re3 Rd2 41. Kg3 Rd1 42. Ra5+ Bd5 43. f3 gxf3 44. Rxf3+ Ke5 45. Rxf7 Rg1+ 46. Kf2 Ra1 47. Rd7 Rd1 48. Rdxd5+ Rxd5 49. Rxd5+ Kxd5 50. Ke3 Kc5 51. Kd3 Kb5 52. Kc3 1-0


[Site "https://www.chess.com"]

[Event "Titled Tuesday Blitz May 16 Late 2023"]
[White "Womacka, Mathias"]
[Black "Mihajlov, Sebastian"]
[WhiteFideId "4611390"]
[BlackFideId "1512110"]
[WhiteElo "2377"]
[BlackElo "2478"]
[Result "0-1"]
[Round "03"]
[TimeControl "180+2"]
[Date "2023.05.16"]
[WhiteClock "0:00:49"]
[BlackClock "0:00:40"]

1. e4 c5 2. Nf3 Nc6 3. d4 cxd4 4. Nxd4 e5 5. Nb5 d6 6. c4 g6 7. N1c3 a6 8. Na3 Bg7 9. Be2 Nge7 10. O-O O-O 11. Be3 Nd4 12. Nc2 Nec6 13. Nd5 Be6 14. Qd2 Rc8 15. Bd3 f5 16. exf5 Bxf5 17. Nxd4 Nxd4 18. Bxd4 exd4 19. Bxf5 Rxf5 20. Rfe1 Rf7 21. Qd3 Qg5 22. Re2 Rcf8 23. Rae1 Be5 24. g3 Rf3 25. Qe4 d3 26. Re3 d2 27. Rd1 Rxf2 28. Rd3 Qh5 0-1


[Site "https://www.chess.com"]

[Event "Titled Tuesday Blitz May 16 Late 2023"]
[White "Liu, Casper"]
[Black "Seemann, Jakub"]
[WhiteFideId "1454153"]
[BlackFideId "21874697"]
[WhiteElo "2221"]
[BlackElo "2364"]
[Result "1-0"]
[Round "03"]
[TimeControl "180+2"]
[Date "2023.05.16"]
[WhiteClock "0:01:55"]
[BlackClock "0:00:30"]

1. e4 e6 2. d4 d5 3. e5 c5 4. c3 Bd7 5. Nf3 Qb6 6. Bd3 cxd4 7. cxd4 Bb5 8. O-O Bxd3 9. Qxd3 Nc6 10. Nc3 Nge7 11. Na4 Qd8 12. Bd2 Nf5 13. Rac1 Be7 14. Nc5 Bxc5 15. Rxc5 O-O 16. Rfc1 a6 17. a3 Qd7 18. h4 Rfc8 19. g4 Nfe7 20. Ng5 g6 21. Qf3 Nd8 22. Qf6 b6 23. Nf3 Rxc5 24. Bh6 Rxc1+ 25. Kg2 1-0


[Site "https://www.chess.com"]

[Event "Titled Tuesday Blitz May 16 Late 2023"]
[White "Rosen, Eric"]
[Black "liwadas82"]
[WhiteFideId "2032562"]
[WhiteElo "2331"]
[BlackElo "2449"]
[Result "1-0"]
[Round "03"]
[TimeControl "180+2"]
[Date "2023.05.16"]
[WhiteClock "0:00:35"]
[BlackClock "0:00:00"]

1. d4 Nf6 2. Bf4 e6 3. e3 d5 4. Nf3 Bd6 5. Ne5 Nfd7 6. c4 Nxe5 7. dxe5 Bb4+ 8. Nc3 Bxc3+ 9. bxc3 dxc4 10. Qg4 O-O 11. Bh6 g6 12. Bxf8 Qxf8 13. Bxc4 Nc6 14. f4 Qc5 15. Qe2 Na5 16. Bd3 Qxc3+ 17. Kf2 Nc6 18. h4 Bd7 19. h5 Be8 20. Rhc1 Qa3 21. hxg6 hxg6 22. Rab1 Rd8 23. Be4 Qa5 24. Rd1 Rxd1 25. Rxd1 Kg7 26. g4 Nb4 27. Qd2 Qxa2 28. Qxa2 Nxa2 29. Bxb7 Nb4 30. Ra1 Bc6 31. Rxa7 Bxb7 32. Rxb7 Nd5 33. Kf3 g5 34. f5 c5 35. fxe6 Kf8 36. exf7 c4 37. e6 1-0


[Site "https://www.chess.com"]

[Event "Titled Tuesday Blitz May 16 Late 2023"]
[White "Marra, Eduardo da Costa"]
[Black "Vlassov, Nikolai"]
[WhiteFideId "2106990"]
[BlackFideId "4103360"]
[WhiteElo "2252"]
[BlackElo "2324"]
[Result "1-0"]
[Round "03"]
[TimeControl "180+2"]
[Date "2023.05.16"]
[WhiteClock "0:00:48"]
[BlackClock "0:00:00"]

1. d4 Nf6 2. Nc3 d5 3. Bf4 e6 4. Nf3 Bb4 5. a3 Bxc3+ 6. bxc3 c5 7. dxc5 Qa5 8. Bd2 Qxc5 9. e3 Nc6 10. Nd4 O-O 11. Nb3 Qd6 12. c4 d4 13. c5 Qe5 14. Qe2 Ne4 15. Rd1 Nxd2 16. Rxd2 dxe3 17. Qxe3 Qxe3+ 18. fxe3 Rd8 19. Rxd8+ Nxd8 20. Bb5 Kf8 21. Ke2 Ke7 22. Rd1 Nc6 23. Bxc6 bxc6 24. Rd4 Bd7 25. Rb4 Kd8 26. Na5 Kc8 27. Nc4 Kd8 28. Nd6 Ke7 29. Rb7 f6 30. Kd3 g6 31. Kc3 e5 32. Kb4 a5+ 33. Ka4 Ke6 34. c4 f5 35. Rb2 g5 36. Nb7 f4 37. e4 g4 38. Rd2 f3 39. gxf3 gxf3 40. Rf2 Rf8 41. Kxa5 Rf4 42. Nd6 1-0


[Site "https://www.chess.com"]

[Event "Titled Tuesday Blitz May 16 Late 2023"]
[White "Mendez Fortes, Eduardo Jesus"]
[Black "marik_spb"]
[WhiteFideId "3502376"]
[WhiteElo "2307"]
[BlackElo "2447"]
[Result "1-0"]
[Round "03"]
[TimeControl "180+2"]
[Date "2023.05.16"]
[WhiteClock "0:00:23"]
[BlackClock "0:00:00"]

1. e4 c6 2. d4 d5 3. Nc3 dxe4 4. Nxe4 Nf6 5. Nxf6+ exf6 6. c3 Bd6 7. Bd3 Na6 8. Qc2 h5 9. Ne2 Nc7 10. O-O h4 11. h3 Nd5 12. a3 b5 13. a4 b4 14. c4 Ne7 15. b3 g6 16. Bb2 Nf5 17. Rae1 Kf8 18. Qd2 a5 19. Kh1 Bc7 20. Bb1 Qd6 21. f4 Be6 22. d5 cxd5 23. Bxf6 Rh5 24. Be5 Qd7 25. Bxc7 Qxc7 26. Bxf5 Rxf5 27. Nd4 dxc4 28. Nxf5 Bxf5 29. bxc4 Qxc4 30. Qd6+ Kg8 31. Rc1 Qb3 32. Qc6 Rd8 33. Qf6 Re8 34. Rfe1 Qxa4 35. Qxh4 Rxe1+ 36. Rxe1 Qc6 37. Qd8+ Kg7 38. Qxa5 b3 39. Qd2 Qf6 40. Re2 Bc2 41. Re1 Kh7 42. Rf1 Kg7 43. Kh2 Be4 44. Rf2 Bc2 45. g4 Be4 46. g5 Qa1 47. Qb2+ Qxb2 48. Rxb2 Bc2 49. Kg3 f6 50. h4 fxg5 51. fxg5 Kf7 52. Kf4 Ke6 53. Kg4 Ke5 54. h5 gxh5+ 55. Kh4 Kd4 56. g6 1-0


[Site "https://www.chess.com"]

[Event "Titled Tuesday Blitz May 16 Late 2023"]
[White "Defend1r"]
[Black "Davtyan, David Arm."]
[BlackFideId "13310046"]
[WhiteElo "2637"]
[BlackElo "2274"]
[Result "1-0"]
[Round "03"]
[TimeControl "180+2"]
[Date "2023.05.16"]
[WhiteClock "0:01:05"]
[BlackClock "0:00:14"]

1. e4 e5 2. Nf3 Nf6 3. Nxe5 d6 4. Nf3 Nxe4 5. Nc3 Nxc3 6. dxc3 Be7 7. Be3 Nc6 8. Qd2 Be6 9. O-O-O Qd7 10. Kb1 a5 11. Nd4 Nxd4 12. cxd4 c6 13. h4 a4 14. a3 b5 15. h5 Bd5 16. h6 g6 17. Bg5 O-O 18. Re1 Bxg5 19. Qxg5 f6 20. Qg3 Rae8 21. Bd3 f5 22. f3 Rxe1+ 23. Rxe1 Re8 24. Qh4 Rxe1+ 25. Qxe1 Kf7 26. Qe3 Qe6 27. Qxe6+ Kxe6 28. Kc1 Kf6 29. Kd2 Kg5 30. Kc3 Kxh6 31. Kb4 Kg5 32. c4 bxc4 33. Bxc4 Bxc4 34. Kxc4 h5 35. b3 d5+ 36. Kc3 axb3 37. Kxb3 Kf4 38. a4 Kg3 39. a5 Kxg2 40. a6 h4 41. a7 h3 42. a8=Q h2 43. Qa2+ Kg3 44. Qb1 Kxf3 45. Qf1+ Kg3 46. Kc3 f4 47. Kd3 g5 48. Ke2 g4 49. Qh1 f3+ 50. Ke3 Kh3 51. Kf2 c5 52. dxc5 d4 53. c6 d3 54. c7 d2 55. c8=Q d1=N+ 56. Qxd1 Kh4 57. Qh8+ 1-0


[Site "https://www.chess.com"]

[Event "Titled Tuesday Blitz May 16 Late 2023"]
[White "Bouget, Alexandre"]
[Black "Korchmar, Vasiliy"]
[WhiteFideId "681318"]
[BlackFideId "24131750"]
[WhiteElo "2189"]
[BlackElo "2370"]
[Result "0-1"]
[Round "03"]
[TimeControl "180+2"]
[Date "2023.05.16"]
[WhiteClock "0:00:03"]
[BlackClock "0:00:11"]

1. d4 Nf6 2. c4 c6 3. Nc3 d5 4. Nf3 e6 5. e3 Nbd7 6. Qc2 Bd6 7. b3 e5 8. Be2 e4 9. Nd2 a6 10. Bb2 O-O 11. O-O Re8 12. Rac1 Nf8 13. cxd5 cxd5 14. Rfe1 Ng6 15. f3 exf3 16. Bxf3 Ng4 17. Nf1 Qh4 18. g3 Qg5 19. Nxd5 Be6 20. Nf4 Nxe3 21. Nxe6 Nxc2 22. Nxg5 Nxe1 23. Bxb7 Nd3 24. Bxa8 Nxc1 25. Bxc1 Rxa8 26. Ne3 Re8 27. Kf2 Bb8 28. Nc4 Ba7 29. Be3 Ne7 30. Nd6 Rd8 31. Ngxf7 Rf8 32. d5 Bb8 33. Bf4 Nxd5 34. Nc8 Rxc8 35. Bxb8 Kxf7 0-1


[Site "https://www.chess.com"]

[Event "Titled Tuesday Blitz May 16 Late 2023"]
[White "Suder, Jakub"]
[Black "Rottenwohrer Suarez, Juan"]
[WhiteFideId "1195310"]
[BlackFideId "32068182"]
[WhiteElo "2287"]
[BlackElo "2174"]
[Result "0-1"]
[Round "03"]
[TimeControl "180+2"]
[Date "2023.05.16"]
[WhiteClock "0:02:37"]
[BlackClock "0:01:59"]

1. d4 Nf6 2. c4 g6 3. Nc3 Bg7 4. e4 d6 5. Nf3 O-O 6. Be2 e5 7. O-O Nc6 8. d5 Ne7 9. Ne1 Nd7 10. Be3 f5 11. f3 f4 12. Bf2 g5 13. Nb5 b6 14. b4 Rf6 15. Nd3 Rh6 16. c5 a6 17. cxd6 cxd6 18. Nc3 Qe8 19. b5 Qh5 20. h4 Ng6 21. g4 0-1


[Site "https://www.chess.com"]

[Event "Titled Tuesday Blitz May 16 Late 2023"]
[White "Wizard_of_Odds"]
[Black "TimGrutter03"]
[WhiteElo "2443"]
[BlackElo "2632"]
[Result "1/2-1/2"]
[Round "03"]
[TimeControl "180+2"]
[Date "2023.05.16"]
[WhiteClock "0:00:04"]
[BlackClock "0:00:02"]

1. Nf3 g6 2. h4 Bg7 3. h5 c5 4. c4 Nc6 5. d3 d6 6. Nc3 Bg4 7. h6 Bxc3+ 8. bxc3 Bxf3 9. gxf3 e6 10. Rb1 b6 11. f4 Rc8 12. Qa4 Qd7 13. Bg2 Nf6 14. Bf3 O-O 15. Bd2 Qc7 16. Kf1 Ne7 17. e4 d5 18. cxd5 exd5 19. e5 Nd7 20. Bg4 Rcd8 21. Re1 Kh8 22. Kg2 Nf5 23. Bxf5 gxf5 24. Rh5 Rg8+ 25. Kh2 Rg6 26. Rg1 Rdg8 27. Rg3 Nf8 28. Qb3 Qd7 29. c4 d4 30. Qd1 Qe6 31. Qf3 Rxh6 32. Rgh3 Rgg6 33. Qa8 Kg7 34. Qxa7 Rxh5 35. Rxh5 Rh6 36. Rxh6 Qxh6+ 37. Kg2 Ng6 38. Kf1 Qh3+ 39. Ke2 Qg4+ 40. Kf1 Qd1+ 41. Be1 Qxd3+ 42. Kg1 Nxf4 43. Qxb6 Ne2+ 44. Kf1 Nf4+ 45. Kg1 Nh5 46. Qd8 h6 47. Qh4 Qe4 48. Qxh5 Qxe1+ 49. Kg2 Qxe5 50. Qh3 Qe4+ 51. Kh2 f4 52. Qg4+ Kh7 53. Qd7 Qg6 54. Qd5 Qg5 55. Qxf7+ Kh8 56. Qf8+ Kh7 57. Qf7+ Kh8 58. Qf8+ Kh7 59. Qf7+ 1/2-1/2


[Site "https://www.chess.com"]

[Event "Titled Tuesday Blitz May 16 Late 2023"]
[White "Prydun, Andriy"]
[Black "Schnaider, Ilan"]
[WhiteFideId "14145898"]
[BlackFideId "169013"]
[WhiteElo "2164"]
[BlackElo "2224"]
[Result "0-1"]
[Round "03"]
[TimeControl "180+2"]
[Date "2023.05.16"]
[WhiteClock "0:00:00"]
[BlackClock "0:00:05"]

1. e4 c6 2. d4 d5 3. e5 Bf5 4. Nf3 e6 5. Be2 Nd7 6. O-O c5 7. c4 Nb6 8. b4 cxb4 9. c5 Nd7 10. a3 bxa3 11. Nxa3 f6 12. Qa4 Be7 13. Ra2 Nh6 14. Bxh6 gxh6 15. Rb2 Rb8 16. Qxa7 fxe5 17. Bb5 O-O 18. Bxd7 Qxd7 19. Nxe5 Qc8 20. Nb5 Ra8 21. Qb6 Bd8 22. Na7 Qb8 23. Qxb7 Qxa7 24. Qc6 Qg7 25. Rb7 Be7 26. Qd7 Rae8 27. Nc6 Bf6 28. g3 Qxd7 29. Rxd7 e5 30. dxe5 Bxd7 0-1


[Site "https://www.chess.com"]

[Event "Titled Tuesday Blitz May 16 Late 2023"]
[White "Manukyan, Sargis A."]
[Black "Yeritsyan, Hayk"]
[WhiteFideId "13303970"]
[BlackFideId "13307320"]
[WhiteElo "2187"]
[BlackElo "2435"]
[Result "1-0"]
[Round "03"]
[TimeControl "180+2"]
[Date "2023.05.16"]
[WhiteClock "0:02:20"]
[BlackClock "0:01:28"]

1. d4 d5 2. c4 e6 3. Nc3 Nf6 4. Nf3 Nbd7 5. Bg5 c6 6. cxd5 exd5 7. e3 Be7 8. Bd3 O-O 9. Qc2 Re8 10. O-O Nf8 11. Bxf6 Bxf6 12. b4 Be6 13. Rab1 Rc8 14. Bf5 g6 15. Bxe6 Nxe6 16. Qd3 a6 17. a4 Qd6 18. b5 axb5 19. axb5 Red8 20. bxc6 bxc6 21. Na4 c5 22. dxc5 Nxc5 23. Nxc5 Rxc5 24. Rfd1 Rdc8 25. g3 Kg7 26. Kg2 Ra8 27. Rb5 Ra2 28. Rxc5 Qxc5 29. Qxd5 Qxe3 30. Qxa2 1-0


[Site "https://www.chess.com"]

[Event "Titled Tuesday Blitz May 16 Late 2023"]
[White "Novik, Maxim"]
[Black "Novikova, Galina"]
[WhiteFideId "4102924"]
[BlackFideId "4157095"]
[WhiteElo "2287"]
[BlackElo "1953"]
[Result "1-0"]
[Round "03"]
[TimeControl "180+2"]
[Date "2023.05.16"]
[WhiteClock "0:01:54"]
[BlackClock "0:00:15"]

1. d4 Nf6 2. c4 g6 3. Nc3 Bg7 4. e4 d6 5. Be2 O-O 6. Nf3 Nc6 7. O-O e5 8. d5 Ne7 9. b4 Ne8 10. c5 h6 11. Nd2 f5 12. Nc4 f4 13. a4 g5 14. Ba3 Qd7 15. h3 Rf7 16. b5 Bf8 17. b6 axb6 18. cxb6 Ng6 19. bxc7 Qxc7 20. Nb5 Qd8 21. Bh5 Rg7 22. a5 Nh4 23. Nb6 Rb8 24. Rc1 Nf6 25. Nxc8 Nxh5 26. Qxh5 Rxc8 27. Rxc8 Qxc8 28. Bxd6 f3 29. Qg4 fxg2 30. Qxc8 gxf1=Q+ 31. Kxf1 Rf7 32. Bxf8 Rxf8 33. Qe6+ Rf7 34. Nd6 1-0


[Site "https://www.chess.com"]

[Event "Titled Tuesday Blitz May 16 Late 2023"]
[White "Kovalevsky, Stanislav"]
[Black "cryptoguru02"]
[WhiteFideId "13508598"]
[WhiteElo "2174"]
[BlackElo "2615"]
[Result "1/2-1/2"]
[Round "03"]
[TimeControl "180+2"]
[Date "2023.05.16"]
[WhiteClock "0:00:12"]
[BlackClock "0:00:07"]

1. c4 g6 2. Nc3 Bg7 3. g3 c5 4. Bg2 Nc6 5. a3 e6 6. Rb1 Nge7 7. h4 h6 8. d3 d6 9. Bd2 O-O 10. b4 Rb8 11. Nf3 b6 12. Qc1 Kh7 13. h5 g5 14. Bxg5 hxg5 15. Nxg5+ Kh8 16. h6 Bf6 17. Nce4 Bxg5 18. Qxg5 Ng6 19. Qh5 Nd4 20. bxc5 dxc5 21. Nxc5 Qf6 22. Ne4 Qf5 23. Qh2 Bb7 24. Nd6 Qa5+ 25. Kf1 Bxg2+ 26. Qxg2 Qe5 27. Ne4 f5 28. Rh5 Rbe8 29. e3 Nc6 30. Rb5 Qc7 31. Ng5 Nce5 32. h7 Ng4 33. Qh3 Nf6 34. Rh6 Qg7 35. Nxe6 Rxe6 36. Rxf5 Rfe8 37. Rg5 Nd7 38. Qh5 Nde5 39. f4 Nf7 40. Rhxg6 Rxg6 41. Rxg6 Qa1+ 42. Kg2 Qb2+ 43. Kh3 Qf2 44. Qh4 Qf1+ 45. Kg4 Qe2+ 46. Kf5 Qxd3+ 47. Kg4 Qe2+ 48. Kh3 Qf1+ 49. Kh2 Qf2+ 50. Kh3 Qf1+ 51. Kh2 Qf2+ 52. Kh3 Qf1+ 1/2-1/2


[Site "https://www.chess.com"]

[Event "Titled Tuesday Blitz May 16 Late 2023"]
[White "Levitskiy, Andrey"]
[Black "Kaplan, Avi Harrison"]
[WhiteFideId "14132885"]
[BlackFideId "30934559"]
[WhiteElo "2347"]
[BlackElo "1983"]
[Result "0-1"]
[Round "03"]
[TimeControl "180+2"]
[Date "2023.05.16"]
[WhiteClock "0:00:02"]
[BlackClock "0:00:12"]

1. e4 g6 2. d4 Bg7 3. Nc3 d6 4. Be3 Nc6 5. h4 Nf6 6. f3 O-O 7. Qd2 e5 8. d5 Nd4 9. Nge2 c5 10. dxc6 Nxc6 11. O-O-O Ne8 12. h5 Be6 13. Bh6 b5 14. Nxb5 Rb8 15. Bxg7 Nxg7 16. Nxd6 Bxa2 17. hxg6 fxg6 18. Qh6 Nh5 19. Nc3 Nd4 20. Nxa2 Qxd6 21. Bc4+ Kh8 22. Rxh5 Qc7 23. Rhh1 Rfc8 24. Rxd4 exd4 25. b3 d3 26. c3 a5 27. Qe3 Qg7 28. Qd4 Qxd4 29. cxd4 Rxb3 30. Kd2 Rxc4 31. Ra1 Rc2+ 32. Ke1 Rbb2 33. Nc1 d2+ 34. Kd1 dxc1=B 35. Rxc1 Rxc1+ 36. Kxc1 Rxg2 0-1


[Site "https://www.chess.com"]